 Dungeon Crawl Stone Soup version 0.16.2-12-gd0ad4c3 (webtiles) character file.

193 Burgundious the Insei (level 5, 0/40 HPs)
             Began as a Draconian Transmuter on Sept 23, 2015.
             Killed from afar by an orc wizard (10 damage)
             ... with a puff of frost
             ... on level 4 of the Dungeon.
             The game lasted 00:12:00 (4571 turns).

Burgundious the Insei (Draconian Transmuter)        Turns: 4571, Time: 00:12:00

Health: 0/40       AC:  5    Str: 12    XL:     5   Next: 43%
Magic:  9/9        EV: 12    Int: 23    God:
Gold:   138        SH:  0    Dex: 12    Spells: 2 memorised, 5 levels left

rFire  . . .     SeeInvis .       - Unarmed
rCold  . . .     Clarity  .     (armour unavailable)
rNeg   . . .     SustAb   .     (no shield)
rPois  .         Gourm    +     (helmet restricted)
rElec  .         Spirit   .     (no cloak)
rCorr  .         Warding  .     (no gloves)
rMut   .         Stasis   .     (no boots)
MR     .....                    s - amulet of the gourmand
Stlth  +.........               p - +4 ring of intelligence
                                i - ring of flight

@: brilliant, flying, not resistant to hostile enchantments, very unstealthy
A: unfitting armour, cold-blooded, AC +5
a: no special abilities


You were on level 4 of the Dungeon.
You were hungry.

You visited 1 branch of the dungeon, and saw 4 of its levels.

You collected 138 gold pieces.

Inventory:

Hand weapons
 b - a +0 blowgun
Missiles
 e - 52 stones (quivered)
 m - 27 poisoned needles
 n - 43 arrows
Jewellery
 i - a ring of flight (left hand)
 p - a +4 ring of intelligence (right hand)
 s - an amulet of the gourmand (around neck)
Scrolls
 k - 4 scrolls of identify {unknown}
 o - a scroll of teleportation {unknown}
 r - a scroll of magic mapping {unknown}
 t - a scroll of remove curse {unknown}
 w - a scroll of blinking {unknown}
Potions
 c - a potion of cancellation
 g - 3 potions of curing
 h - a potion of restore abilities
 l - a potion of resistance
Books
 d - a book of Changes

   Spells                             Type                      Level
   a - Beastly Appendage              Transmutation                1
   b - Sticks to Snakes               Transmutation                2
   c - Spider Form                    Transmutation/Poison         3
   d - Ice Form                       Ice/Transmutation            4
   e - Blade Hands                    Transmutation                5
 v - a book of Spatial Translocations

   Spells                             Type                      Level
   a - Apportation                    Translocation                1
   b - Blink                          Translocation                2
   c - Shroud of Golubria             Charms/Translocation         2
   d - Portal Projectile              Translocation                3
   e - Teleport Other                 Translocation                3
   f - Passage of Golubria            Translocation                4
Comestibles
 a - 2 bread rations
 f - 3 slices of pizza
 j - 3 meat rations


   Skills:
 - Level 1.1 Fighting
 + Level 1.7 Dodging
 - Level 6.2 Unarmed Combat
 - Level 2.0 Spellcasting
 - Level 2.0 Transmutations


You had 5 spell levels left.
You knew the following spells:

 Your Spells              Type           Power        Failure   Level  Hunger
a - Beastly Appendage     Trmt           ####..       1%          1    #......
b - Sticks to Snakes      Trmt           ####......   1%          2    ##.....


Dungeon Overview and Level Annotations

Branches:
Dungeon (4/15)
 Temple: D:4-7

Altars:
Qazlal
Sif Muna
Vehumet

Annotations:
D:4 Morg0th's ghost, average SpVM


Innate Abilities, Weirdness & Mutations

Your plain brown scales are hard (AC +5).
Your body does not fit into most forms of armour.
Your cold-blooded metabolism reacts poorly to cold.


Message History

The orc wizard points at you and mumbles some strange words.
The magic dart hits you!
The orc wizard hits you but does no damage.
The orc wizard misses you.
You see here a leather armour.
You barely miss the orc wizard.
The orc wizard gestures at you while chanting.
The magic dart hits you!
* * * LOW HITPOINT WARNING * * *
Drink which item? (? for menu, Esc to quit)
It was a potion of brilliance.
You feel clever all of a sudden. The orc wizard misses you.
Drink which item? (? for menu, Esc to quit)
It was a potion of flight.
You feel very buoyant.
You fly up into the air.
The orc wizard gestures at you while chanting.
The puff of frost hits you!
You die...

###### ####
#############....# ...#
#...........#....+ ...#
#...........'o...#
##########.##+###'##....#
...#...###.##.###o#)...##
...#............@.+....'..
...'..............#....#...#
...####'##+########....# ###
................. ....##
................. ....'
................ .....#
................ ...
#+#####+###+###'


You could see an orc wizard.

Vanquished Creatures
  An orc priest (D:4)
  An orc wizard (D:3)
  Ijyb (D:3)
  2 adders (D:3)
  3 worms
  2 giant geckos
  An ooze (D:4)
  9 orcs
  A ball python (D:3)
  7 bats
  A bat skeleton (D:4)
  4 giant cockroaches
  11 goblins
  7 hobgoblins
  10 kobolds
  4 quokkas
  3 giant newts
  5 rats
73 creatures vanquished.

Vanquished Creatures (others)
  A bat (D:3)
1 creature vanquished.

Grand Total: 74 creatures vanquished

Notes
Turn   | Place    | Note
--------------------------------------------------------------
     0 | D:1      | Burgundious, the Draconian Transmuter, began the quest for the Orb.
     0 | D:1      | Reached XP level 1. HP: 16/16 MP: 3/3
   512 | D:1      | Reached XP level 2. HP: 18/23 MP: 4/4
   516 | D:1      | Learned a level 2 spell: Sticks to Snakes
  1035 | D:2      | Found a radiant altar of Vehumet.
  1491 | D:2      | Reached skill level 4 in Unarmed Combat
  1843 | D:2      | Reached XP level 3. HP: 26/28 MP: 6/6
  1844 | D:2      | Found a deep blue altar of Sif Muna.
  2031 | D:3      | Noticed Ijyb
  2064 | D:3      | Killed Ijyb
  2217 | D:3      | Found a stormy altar of Qazlal.
  2907 | D:3      | Reached skill level 5 in Unarmed Combat
  2907 | D:3      | Reached XP level 4. HP: 26/35 MP: 7/7
  3835 | D:3      | Reached XP level 5. HP: 33/40 MP: 7/9
  4049 | D:4      | Noticed Morg0th's ghost (average SpVM)
  4552 | D:4      | Reached skill level 6 in Unarmed Combat
  4571 | D:4      | Killed from afar by an orc wizard

Action                   |  1- 3 |  4- 6 || total
-------------------------+-------+-------++-------
Melee: Unarmed           |   185 |   133 ||   318
 Fire: Blowgun           |       |    13 ||    13
Throw: Stone             |     3 |       ||     3
 Cast: Beastly Appendage |    11 |    10 ||    21
  Use: Potion            |     7 |     2 ||     9
  Eat: Chunk             |     4 |     6 ||    10
       Pizza             |     1 |       ||     1
